 Dungeon Crawl Stone Soup version 0.19.5 (webtiles) character file.

6811 buskinjo the Grappler (level 10, -9/84 HPs)
             Began as a Black Draconian Transmuter on May 10, 2017.
             Was a Believer of Uskayaw.
             Mangled by a komodo dragon (29 damage)
             ... on level 10 of the Dungeon.
             The game lasted 00:24:20 (12029 turns).

buskinjo the Grappler (Black Draconian Transmuter) Turns: 12029, Time: 00:24:21

Health: -9/84      AC: 10    Str: 16    XL:     10   Next: 77%
Magic:  20/20      EV: 12    Int: 16    God:    Uskayaw [**....]
Gold:   596        SH:  0    Dex: 12    Spells: 4 memorised, 12 levels left

rFire  . . .     SeeInvis +       - Unarmed
rCold  . . .     Gourm    .     (armour unavailable)
rNeg   . . .     Faith    .     (no shield)
rPois  .         Spirit   .     y - +1 hat
rElec  +         Reflect  .     F - +0 cloak
rCorr  .         Harm     .     (no gloves)
MR     .....                    t - +0 pair of boots
Stlth  +.........               (no amulet)
                                E - +3 ring of strength
                                H - ring of see invisible

@: no status effects
A: breathe lightning, unfitting armour, electricity resistance, cold-blooded, AC
+7
a: Breathe Lightning, Stomp, Line Pass, Renounce Religion


You were on level 10 of the Dungeon.
You worshipped Uskayaw.
Uskayaw was noncommittal.
You were hungry.

You visited 1 branch of the dungeon, and saw 10 of its levels.

You collected 596 gold pieces.

Inventory:

Missiles
 a - 240 arrows
 x - 4 javelins (quivered)
 S - 2 tomahawks
Armour
 t - a +0 pair of boots (worn)
 y - a +1 hat (worn)
 F - a +0 cloak (worn)
 O - a +2 buckler
Magical Staves
 J - an uncursed staff of fire
Jewellery
 n - an uncursed ring of protection from magic
 q - an uncursed ring of magical power
 D - an uncursed ring of flight
 E - a +3 ring of strength (right hand)
 H - a ring of see invisible (left hand)
Wands
 e - a wand of random effects (22/48)
 i - a wand of confusion (14/48)
 p - a wand of enslavement (21/24)
 P - a wand of slowing (16/48)
 Q - a wand of slowing (14/48)
Scrolls
 d - 2 scrolls of enchant weapon
 h - 3 scrolls of recharging
 j - a scroll of fog
 z - 2 scrolls of remove curse
 K - 2 scrolls of amnesia
 M - a scroll of silence {unknown}
 N - 3 scrolls of identify
Potions
 g - a potion of resistance
 l - 7 potions of heal wounds
 m - 4 potions of curing
 o - a potion of magic
 s - a potion of brilliance {unknown}
 v - a potion of invisibility {unknown}
 w - 2 potions of beneficial mutation {unknown}
 A - a potion of haste
 B - a potion of agility
 C - a potion of might
 I - 2 potions of lignification {unknown}
 L - a potion of berserk rage {unknown}
Books
 b - a book of Changes

   Spells                             Type                      Level
   a - Beastly Appendage              Transmutation                1
   b - Sticks to Snakes               Transmutation                2
   c - Spider Form                    Transmutation/Poison         3
   d - Ice Form                       Ice/Transmutation            4
   e - Blade Hands                    Transmutation                5
 k - a book of Battle

   Spells                             Type                      Level
   a - Infusion                       Charms                       1
   b - Shroud of Golubria             Charms/Translocation         2
   c - Song of Slaying                Charms                       2
   d - Spectral Weapon                Hexes/Charms                 3
   e - Regeneration                   Charms/Necromancy            3
Comestibles
 c - 9 bread rations
 f - 3 meat rations
 r - 2 beef jerkies
 u - 4 fruits
 G - a slice of pizza


   Skills:
 + Level 6.3 Fighting
 - Level 1.7 Dodging
 - Level 10.8 Unarmed Combat
 - Level 7.0 Spellcasting
 - Level 9.1 Transmutations


You had 12 spell levels left.
You knew the following spells:

 Your Spells              Type           Power        Failure   Level  Hunger
a - Beastly Appendage     Tmut           ####..       1%          1    None
b - Sticks to Snakes      Tmut           ####....     1%          2    None
c - Spider Form           Tmut/Pois      ###.......   8%          3    ##.....
d - Blade Hands           Tmut           ####......   12%         5    #####..


Dungeon Overview and Level Annotations

Branches:
Dungeon (10/15)            Temple (0/1) D:4            Lair (0/6) D:10
    Orc: D:9-12

Altars:
Ashenzari
Cheibriados
Dithmenos
Elyvilon
Fedhas
Kikubaaqudgha
Makhleb
Trog
Uskayaw
Xom
Zin
The Shining One

Shops:
D:9 }


Innate Abilities, Weirdness & Mutations

You can breathe wild blasts of lightning.
Your glossy black scales are hard. (AC +7)
You cannot fit into any form of body armour.
You are resistant to electric shocks. (rElec)
You are cold-blooded and may be slowed by cold attacks.


Message History

You slash the komodo dragon!
The komodo dragon is moderately wounded.
The komodo dragon bites you!
You slash the komodo dragon!
Your tail-slap misses the komodo dragon.
The komodo dragon is severely wounded.
Your hands revert to their normal proportions.
The komodo dragon closely misses you.
You can now pass through a line of other dancers.
You hit the komodo dragon. You tail-slap the komodo dragon.
The komodo dragon is almost dead.
The komodo dragon bites you!!
* * * LOW HITPOINT WARNING * * *
You are too injured to fight recklessly!
You are too injured to fight recklessly!
You barely miss the komodo dragon.
Your tail-slap misses the komodo dragon.
The komodo dragon is severely wounded.
The komodo dragon bites you!!
You die... ......##.# ##PPPPPP...PP ##.###.#.# ##..PPPPP[>.PP ...# #...# #.....PPPl.PPP #..###.### .....P.PPPPPP

#.....##########
#......PP..P
#...............
#.......P.#
#.##.########### #)....#
.............########.#.###
#.##########....@l......#
..# ############## ###


You could see a komodo dragon.

Vanquished Creatures
  The ghost of Azzok the Carver, a novice MiBe of Trog (D:10)
  A hill giant (D:10)
  Joseph (D:8)
  A kobold demonologist (D:9)
  2 two-headed ogres
  A hippogriff (D:10)
  Sigmund (D:6)
  A wyvern (D:10)
  Menkaure (D:6)
  3 orc warriors
  3 ice beasts
  2 sky beasts
  2 phantoms
  3 ogres
  A necrophage (D:7)
  5 centaurs
  2 big kobolds
  6 bullfrogs
  6 scorpions
  4 howler monkeys
  The ghost of miragecloak the Changer, a weakling OpTm (D:3)
  4 crimson imps
  2 bullfrog zombies (D:8)
  3 quasits
  2 orc priests
  A hound (D:10)
  A gnoll shaman (D:10)
  Crazy Yiuf (D:6)
  5 jellies
  2 orc wizards
  3 iguanas (D:9)
  11 worker ants
  A hound zombie (D:8)
  A hound skeleton (D:4)
  A howler monkey skeleton (D:6)
  11 gnolls
  14 adders
  A shadow imp (D:5)
  An adder skeleton (D:4)
  3 worms
  4 dart slugs
  A leopard gecko (D:1)
  17 orcs
  8 bats
  8 giant cockroaches
  7 goblins
  7 hobgoblins
  8 jackals (D:8)
  4 quokkas
  2 ball pythons
  4 frilled lizards
  20 kobolds
  A leopard gecko skeleton (D:8)
  A quokka skeleton (D:7)
  8 rats
216 creatures vanquished.

Vanquished Creatures (collateral kills)
  An ogre (D:4)
  A centaur (D:5)
  An iguana (D:5)
3 creatures vanquished.

Vanquished Creatures (others)
  A plant (D:10)
1 creature vanquished.

Grand Total: 220 creatures vanquished

Notes
Turn   | Place    | Note
-------+----------+-------------------------------------------
     0 | D:1      | buskinjo the Draconian Transmuter began the quest for the Orb.
     0 | D:1      | Reached XP level 1. HP: 16/16 MP: 3/3
   212 | D:1      | Reached XP level 2. HP: 14/23 MP: 5/5
   518 | D:1      | Reached skill level 4 in Unarmed Combat
   820 | D:2      | Reached XP level 3. HP: 14/28 MP: 4/6
   989 | D:2      | Found a hide-covered altar of Uskayaw.
  1031 | D:2      | Became a worshipper of Uskayaw the Reveler
  1187 | D:2      | Reached * piety under Uskayaw
  1627 | D:2      | Learned a level 2 spell: Sticks to Snakes
  1700 | D:2      | Reached ** piety under Uskayaw
  2387 | D:2      | Reached XP level 4. HP: 35/35 MP: 7/7
  2562 | D:3      | Reached skill level 5 in Unarmed Combat
  2787 | D:3      | Reached *** piety under Uskayaw
  2852 | D:3      | Noticed miragecloak's ghost (weakling OpTm)
  2876 | D:3      | Killed miragecloak's ghost
  2876 | D:3      | Reached XP level 5. HP: 22/45 MP: 8/8
  3172 | D:3      | Found a faded altar of an unknown god.
  3172 | D:3      | Found a faded altar of an unknown god.
  3179 | D:3      | Found a faded altar of an unknown god.
  3181 | D:3      | Found an ancient bone altar of Kikubaaqudgha.
  3183 | D:3      | Found a faded altar of an unknown god.
  3683 | D:3      | Found a white marble altar of Elyvilon.
  3862 | D:4      | Noticed an ogre
  3868 | D:4      | Learned a level 3 spell: Spider Form
  3883 | D:4      | Killed an ogre
  3883 | D:4      | Reached XP level 6. HP: 33/51 MP: 7/9
  4258 | D:4      | Found a staircase to the Ecumenical Temple.
  4552 | D:4      | Reached skill level 6 in Unarmed Combat
  4642 | D:5      | Entered Level 5 of the Dungeon
  4688 | D:5      | Your scales start taking on a glossy black colour.
  4688 | D:5      | Reached XP level 7. HP: 41/57 MP: 11/11
  4688 | D:5      | Gained mutation: You are resistant to electric shocks. (rElec) [Black Draconian growth]
  4852 | D:5      | Found a glowing drain.
  5253 | D:5      | Reached skill level 5 in Transmutations
  5513 | D:5      | Found a glowing silver altar of Zin.
  5623 | D:5      | Learned a level 5 spell: Blade Hands
  6132 | D:6      | Noticed Menkaure
  6135 | D:6      | Killed Menkaure
  6135 | D:6      | Reached skill level 7 in Unarmed Combat
  6135 | D:6      | Reached XP level 8. HP: 63/63 MP: 12/12
  6201 | D:6      | Noticed Sigmund
  6320 | D:6      | Reached **** piety under Uskayaw
  6409 | D:6      | Killed Sigmund
  6823 | D:6      | Found a runed door.
  6864 | D:6      | Found a shimmering altar of Xom.
  6865 | D:6      | Found a shadowy altar of Dithmenos.
  6922 | D:6      | Noticed Crazy Yiuf
  6926 | D:6      | Killed Crazy Yiuf
  7004 | D:7      | Reached skill level 8 in Unarmed Combat
  7603 | D:7      | Reached XP level 9. HP: 43/70 MP: 15/15
  7644 | D:7      | Found a shattered altar of Ashenzari.
  7733 | D:7      | Found a burning altar of Makhleb.
  7735 | D:7      | Found a blossoming altar of Fedhas.
  7746 | D:7      | Found a glowing golden altar of the Shining One.
  8109 | D:7      | Found a glowing silver altar of Zin.
  8195 | D:7      | Reached skill level 5 in Spellcasting
  9101 | D:8      | Noticed Joseph
  9191 | D:8      | Killed Joseph
  9446 | D:8      | Found a bloodstained altar of Trog.
  9630 | D:9      | Noticed a kobold demonologist
  9636 | D:9      | Killed a kobold demonologist
  9636 | D:9      | Reached XP level 10. HP: 77/77 MP: 14/20
  9670 | D:9      | Reached skill level 9 in Unarmed Combat
  9681 | D:9      | Reached ***** piety under Uskayaw
  9692 | D:9      | Reached ****** piety under Uskayaw
 10156 | D:9      | Found a snail-covered altar of Cheibriados.
 10199 | D:9      | Found Qabboir's Gadget Shop.
 10576 | D:10     | Entered Level 10 of the Dungeon
 10576 | D:10     | Noticed Azzok's ghost (novice MiBe)
 10589 | D:10     | Killed Azzok's ghost
 10589 | D:10     | Reached skill level 10 in Unarmed Combat
 11638 | D:10     | Noticed a hill giant
 11646 | D:10     | Killed a hill giant
 11646 | D:10     | Reached skill level 5 in Fighting
 11996 | D:10     | Found a staircase to the Lair.
 12029 | D:10     | Mangled by a komodo dragon

Skill      XL: |  1  2  3  4  5  6  7  8  9 10 |
---------------+-------------------------------+-----
Unarmed Combat | 4 5 6 7 8 10 | 10.8
Fighting       | 3 6 |  6.3
Transmutations | 4 6 7 9 |  9.1
Spellcasting   | 3 4 7 |  7.0
Dodging        | |  1.7

Action                   |  1- 3 |  4- 6 |  7- 9 | 10-12 || total
-------------------------+-------+-------+-------+-------++-------
Melee: Unarmed           |   145 |   211 |   433 |   138 ||   927
       Tailslap          |    17 |    22 |    37 |    16 ||    92
       Kick              |     4 |       |       |       ||     4
       Headbutt          |     3 |    14 |    10 |       ||    27
       Punch             |       |     4 |     7 |     6 ||    17
Throw: Stone             |     2 |       |     1 |       ||     3
 Cast: Beastly Appendage |     9 |    14 |     7 |       ||    30
       Sticks to Snakes  |       |     5 |     5 |       ||    10
       Blade Hands       |       |       |    17 |    11 ||    28
Invok: Stomp             |     1 |       |       |       ||     1
 Abil: Breathe Lightning |       |       |     1 |     1 ||     2
Evoke: Wand              |       |       |     1 |       ||     1
  Use: Scroll            |     2 |     7 |     9 |       ||    18
       Potion            |       |       |     1 |     1 ||     2
 Stab: Paralysed         |       |     1 |    14 |     4 ||    19
       Sleeping          |       |     1 |     2 |       ||     3
  Eat: Chunk             |     2 |    10 |    19 |    11 ||    42
       Fruit             |     2 |       |       |       ||     2
       Pizza             |       |       |     2 |       ||     2
Armor: Skin              |    42 |    52 |   126 |    67 ||   287
Dodge: Dodged            |   101 |   115 |   249 |    89 ||   554
